 Dungeon Crawl Stone Soup version 0.32-a0-540-g866d13106e (webtiles) character file.

Game seed: 16910109174797930941

31 Atlas the Firebug (level 3, -4/24 HPs)
             Began as a Demonspawn Fire Elementalist on Feb 28, 2024.
             Slain by a ribbon worm (6 damage)
             ... on level 2 of the Dungeon.
             The game lasted 00:01:21 (1310 turns).

Atlas the Firebug (Demonspawn Fire Elementalist)    Turns: 1310, Time: 00:01:22

Health: -4/24      AC:  4    Str:  8    XL:     3   Next: 7%
Magic:  2/6        EV: 11    Int: 17    God:
Gold:   39         SH:  0    Dex: 13    Spells: 5/6 levels left

rFire   . . .        (no weapon)
rCold   . . .        (no shield)
rNeg    . . .        g - +0 leather armour
rPois   +            (no helmet)
rElec   .            (no cloak)
rCorr   .            (no gloves)
SInv    .            f - +0 pair of boots
Will    .....        (no amulet)
Stlth   ++           c - ring of poison resistance
HPRegen 0.24/turn    (no ring)
MPRegen 0.10/turn

%: no passive effects
@: no status effects
A: ignite blood 1
a: no special abilities


You were on level 2 of the Dungeon.
You visited 1 branch of the dungeon, and saw 2 of its levels.

You collected 39 gold pieces.

Inventory:

Armour
 f - a +0 pair of boots (worn)
 g - a +0 leather armour (worn)
Jewellery
 c - a ring of poison resistance (left hand)
Wands
 h - a wand of polymorph (8)
Scrolls
 a - 2 scrolls of teleportation {unknown}
 e - a scroll of acquirement {unknown}
 i - a scroll of fog {unknown}
Potions
 b - a potion of magic
 d - a potion of cancellation {unknown}


   Skills:
 + Level 0.3 Fighting
 + Level 1.9 Dodging
 + Level 1.8 Stealth
 + Level 0.3 Unarmed Combat
 + Level 2.2 Spellcasting
 + Level 1.2 Conjurations
 + Level 3.3 Fire Magic


You had 5 spell levels left.
You knew the following spells:

 Your Spells              Type           Power      Damage    Failure   Level
a - Foxfire               Conj/Fire      36%        2x1d5     11%         1

Your spell library contained the following spells:

 Spells                   Type           Power      Damage    Failure   Level
 Scorch                   Fire           26%        2d6       11%         2
 Inner Flame              Hex/Fire       7%         N/A       38%         3
 Volatile Blastmotes      Fire/Tloc      14%        2d11      38%         3
 Flame Wave               Conj/Fire      9%         2d6       71%         4


Dungeon Overview and Level Annotations

Branches:
Dungeon (2/15)

Altars:


Innate Abilities, Weirdness & Mutations

Your demonic aura sometimes causes spilled blood to erupt in flames.


Message History

You are too injured to fight recklessly!
You are too injured to fight recklessly!
You are too injured to fight recklessly!
You are too injured to fight recklessly!
You are too injured to fight recklessly!
You are too injured to fight recklessly!
You are too injured to fight recklessly!
You are too injured to fight recklessly!
You are too injured to fight recklessly!
You are too injured to fight recklessly!
You are too injured to fight recklessly!
You are too injured to fight recklessly!
You are too injured to fight recklessly!
You hit the ribbon worm but do no damage.
The ribbon worm is lightly wounded.
You hit the ribbon worm.
The ribbon worm is lightly wounded.
The ribbon worm expels a string of sticky webbing.
The stream of webbing misses you.
You hit the ribbon worm.
The ribbon worm is lightly wounded.
The ribbon worm bites you.
* * * LOW HITPOINT WARNING * * *
You hit the ribbon worm.
The ribbon worm is lightly wounded.
The ribbon worm bites you.
* * * LOW HITPOINT WARNING * * *
You hit the ribbon worm but do no damage.
The ribbon worm is lightly wounded.
The ribbon worm closely misses you.
You barely miss the ribbon worm.
The ribbon worm is lightly wounded.
You hit the ribbon worm but do no damage.
The ribbon worm is lightly wounded.
The ribbon worm bites you.
* * * LOW HITPOINT WARNING * * *
You hit the ribbon worm.
The ribbon worm is lightly wounded.
The ribbon worm bites you.
You die...

.## ..... ..#
..... #.# .... #.#
#..# #.# ###..#
#.# #....# #.# #
#.##.######w#
#.##..........@#
###.......########
.)..##..###
###.....##
...###†..# #
###.## #§..# #...#
#...#


You could see a ribbon worm.

Vanquished Creatures
  4 endoplasms
  A giant cockroach (D:1)
  4 goblins
  3 hobgoblins
  5 kobolds (D:1)
  2 ball pythons (D:1)
  4 bats (D:1)
  2 frilled lizards (D:1)
  3 rats (D:1)
28 creatures vanquished.

Vanquished Creatures (others)
  98 foxfires
98 creatures vanquished.

Grand Total: 126 creatures vanquished

Notes
Turn   | Place    | Note
-------+----------+-------------------------------------------
     0 | D:1      | Atlas the Demonspawn Fire Elementalist began the quest for
                  | the Orb.
     0 | D:1      | Reached XP level 1. HP: 13/13 MP: 3/3
   118 | D:1      | Reached skill level 3 in Fire Magic
   283 | D:1      | Gained mutation: Your demonic aura sometimes causes spilled
                  | blood to erupt in flames. [demonic ancestry]
   283 | D:1      | Reached XP level 2. HP: 19/19 MP: 0/5
  1163 | D:2      | Reached XP level 3. HP: 24/24 MP: 3/6
  1309 | D:2      | HP: 1/24 [ribbon worm (1)]
  1310 | D:2      | Slain by a ribbon worm

Illustrated notes

Levels and vault maps discovered:
D:1:      dpeg_arrival_rhombus, layout_basic
D:2:      layout_loops_cross, serial_shops, shop_statue

Skill      XL: |  1 |
---------------+----+-----
Fire Magic     | 3 |  3.3
Fighting       | |  0.3
Dodging        | |  1.9
Stealth        | |  1.8
Unarmed Combat | |  0.3
Spellcasting   | |  2.2
Conjurations   | |  1.2

Action                     || total
---------------------------++-------
  Melee: Unarmed           ||    41
         Punch             ||     1
   Cast: Foxfire           ||    59
 Armour: Robe              ||    17
         Leather armour    ||    11
  Dodge: Dodged            ||    30

Table legend: (Time is in decaauts)
 A = Elapsed time spent in this place.
 B = Non-inter-level travel time spent in this place.
 C = Inter-level travel time spent in this place.
 D = Time resting spent in this place.
 E = Time spent auto-exploring this place.
 F = Levels seen in this place.
 G = Mean time per level.
                   A        B        C        D        E       F      G
               +--------+--------+--------+--------+--------+-----+--------+
         Total |   1309 |   1257 |     52 |      0 |   1028 |   2 |  654.5 |
       Dungeon |   1309 |   1257 |     52 |      0 |   1028 |   2 |  654.5 |
               +--------+--------+--------+--------+--------+-----+--------+

Top non-repeatable levels by time:
     D:1: 1156 daAuts
     D:2: 152 daAuts
